 Dungeon Crawl Stone Soup version 0.30-a0-830-gfe289a77b0 (webtiles) character file.

Game seed: 11010404654926894769

247814 Zenkrye the Slayer (level 20, -9/145 HPs)
             Began as a Human Cinder Acolyte on Feb 27, 2023.
             Was a High Priest of Ignis.
             Killed by divine providence
             ... invoked by a smoke demon
              (16 damage)
             ... on level 6 of the Abyss on Feb 28, 2023.
             The game lasted 02:26:57 (42553 turns).

Zenkrye the Slayer (Human Cinder Acolyte)          Turns: 42553, Time: 02:26:58

Health: -9/145     AC: 30    Str: 21    XL:     20   Next: 33%
Magic:  0/24       EV:  4    Int: 18    God:    Ignis [*****.]
Gold:   350        SH: 13    Dex:  5    Spells: 20/25 levels left

rFire   + . .      SeeInvis +    Z - +4 demon trident (elec)
rCold   . . .      Faith    .    n - +3 kite shield
rNeg    + . .      Spirit   .    M - +3 crystal plate armour "Urosm" {Harm rPois rCorr}
rPois   +          Reflect  .    H - +0 helmet
rElec   +          Harm     +    m - +0 cloak
rCorr   +          Rampage  .    G - +1 pair of gloves
Will    +....      Rage     9%   P - +2 pair of boots Stlth
                                 z - amulet of regeneration
HPRegen 1.24/turn                s - +4 ring of slaying
MPRegen 0.19/turn                b - ring "Rihauj" {rElec rF+ rN+ Int+3 SInv}

@: on berserk cooldown, slowed, studying Necromancy, unable to drink, very slow
A: weak 1, heat vulnerability 1, inability to drink after injury 1, [berserk 2],
[clumsy 2], [deformed body], [frail 2], [subdued magic 2]
}: 2/15 runes: decaying, serpentine
a: Renounce Religion, Fiery Armour, Foxfire Swarm, Rising Flame


You were on level 6 of the Abyss.
You worshipped Ignis.
Ignis was extremely pleased with you.
You visited 6 branches of the dungeon, and saw 31 of its levels.
You visited the Abyss 1 time.
You also visited: Sewer and Bailey.

You collected 4136 gold pieces.
You spent 3786 gold pieces at shops.

Inventory:

Hand Weapons
 B - a +1 vampiric trident
 Y - a +2 demon trident of electrocution
 Z - a +4 demon trident of electrocution (weapon)
Missiles
 r - 4 boomerangs of dispersal
 E - 42 javelins
 J - 5 boomerangs (quivered)
 T - 6 curare-tipped darts
Armour
 m - a +0 cloak (worn)
 n - a +3 kite shield (worn)
 G - a +1 pair of gloves (worn)
 H - a +0 helmet (worn)
 M - the +3 crystal plate armour "Urosm" (worn) {Harm rPois rCorr}
   (You acquired it on level 10 of the Dungeon)

   rPois:     It protects you from poison.
   rCorr:     It protects you from acid and corrosion.
   Harm:      It increases damage dealt and taken.
 P - a +2 pair of boots (worn)
Jewellery
 b - the ring "Rihauj" (right hand) {rElec rF+ rN+ Int+3 SInv}
   (You found it on level 6 of the Dungeon)

   [ring of positive energy]

   Int:       It affects your intelligence (+3).
   rF:        It protects you from fire.
   rElec:     It insulates you from electricity.
   rN:        It protects you from negative energy.
   SInv:      It lets you see invisible.
 q - the ring "Samenet" {AC+4 Str+3}
   (You found it on level 2 of the Snake Pit)

   [ring of protection]

   AC:        It affects your AC (+4).
   Str:       It affects your strength (+3).
 s - a +4 ring of slaying (left hand)
 w - a ring of wizardry
 z - an amulet of regeneration (around neck)
 I - a +6 ring of strength
 N - the ring "Ukaluom" {rC+ Str+6}
   (You bought it in a shop on level 1 of the Orcish Mines)

   [ring of strength]

   Str:       It affects your strength (+6).
   rC:        It protects you from cold.
 Q - an amulet of reflection
Wands
 h - a wand of quicksilver (31)
 j - a wand of iceblast (20) {@v4}
 y - a wand of mindburst (3)
 A - a wand of flame (21)
 C - a wand of paralysis (27)
Scrolls
 d - a scroll of enchant armour
 f - 6 scrolls of magic mapping
 g - 3 scrolls of vulnerability
 i - a scroll of identify {@r1}
 D - 8 scrolls of immolation
 K - a scroll of fog
 U - 4 scrolls of blinking {@r4}
 X - 4 scrolls of poison
Potions
 a - 6 potions of resistance {@q6}
 e - 5 potions of mutation
 k - 8 potions of brilliance
 l - 4 potions of flight
 p - 2 potions of berserk rage
 u - 8 potions of magic
 x - 7 potions of curing {@q1}
 F - 3 potions of haste {@q3}
 L - 4 potions of cancellation
 R - 3 potions of heal wounds {@q2}
Miscellaneous
 c - a condenser vane (inert)
 V - a phantom mirror
 W - a phial of floods


   Skills:
 + Level 21.9 Fighting
 - Level 14.0 Polearms
 - Level 16.1 Armour
 * Level 12.4 Shields
 - Level 3.0 Spellcasting
 + Level 6.6 Translocations
 - Level 5.0 Fire Magic
 + Level 6.6 Air Magic
 - Level 12.0 Evocations


You had 20 spell levels left.
You knew the following spells:

 Your Spells              Type           Power      Damage    Failure   Level
a - Scorch                Fire           24%        2d6       90%         2
b - Vhi's Electric Charg  Tloc/Air       32%        N/A       91%         3

Your spell library contained the following spells:

 Spells                   Type           Power      Damage    Failure   Level
 Poisonous Vapours        Pois/Air       18%        N/A       99%         2
 Static Discharge         Conj/Air       18%        2-3/arc   99%         2
 Freeze                   Ice            4%         1d3       100%        1
 Cigotuvi's Dreadful Rot  Necr/Pois/Air  12%        N/A       100%        2
 Sublimation of Blood     Necr           1%         N/A       100%        2
 Frozen Ramparts          Ice            2%         1d1       100%        3
 Hailstorm                Conj/Ice       1%         3d3       100%        3
 Mephitic Cloud           Conj/Pois/Air  6%         N/A       100%        3
 Portal Projectile        Hex/Tloc       18%        N/A       100%        3
 Tukima's Dance           Hex            1%         N/A       100%        3
 Anguish                  Hex/Necr       0%         N/A       100%        4
 Petrify                  Tmut/Erth      1%         N/A       100%        4
 Arcjolt                  Conj/Air       4%         1d14      100%        5
 Blade Hands              Tmut           0%         N/A       100%        5
 Fireball                 Conj/Fire      3%         3d4       100%        5
 Irradiate                Conj/Tmut      0%         3d11      100%        5
 Iskenderun's Battlesphe  Conj           1%         2d6       100%        5
 Lightning Bolt           Conj/Air       4%         1d16      100%        5
 Conjure Ball Lightning   Conj/Air       4%         3x3d6     100%        6
 Enfeeble                 Hex            0%         N/A       100%        7
 Orb of Destruction       Conj           0%         9d5       100%        7
 Chain Lightning          Conj/Air       4%         3d6       100%        9
 Fire Storm               Conj/Fire      3%         8d1       100%        9
 Shatter                  Erth           0%         3d5*      100%        9


Dungeon Overview and Level Annotations

Branches:
Dungeon (15/15)            Temple (0/1) D:7            Lair (5/5) D:11
  Swamp (4/4) Lair:2        Snake (4/4) Lair:3        Slime (0/5) Lair:4
    Orc (2/2) D:9             Elf (0/3) Orc:2        Vaults (0/5) D:13
 Depths (1/4) D:15          Sewer (visited)          Bailey (visited)

Altars:
Ashenzari
Nemelex Xobeh
Jiyva

Shops:
D:9 (   D:10 (   Orc:1 =**   Orc:2 :[*[(   Snake:3 ::=

Annotations:
D:12 3 runed translucent doors, Rupert; browni3141's ghost, journeyman HuEn
Lair:5 exclusion: obsidian statue
Snake:3 Dittersdorf's ghost, adept GrFi


Innate Abilities, Weirdness & Mutations

You are weak. (Str -2)
You are vulnerable to heat. (rF-)
You occasionally lose the ability to drink potions when taking damage.
[You have an uncontrollable temper.]
[You are very clumsy. (Dex -4)]
[Armour fits poorly on your strangely shaped body.]
[You are very frail. (-20% HP)]
[Your spells are easier to cast, but less powerful.]


Message History

The blast of flame hits you. You resist. You block the reaper's attack.
You block the hell hound's attack.
The reaper hits you from afar with a +1 antimagic scythe!
* * * LOW HITPOINT WARNING * * *
You feel your power leaking away.
The white draconian stormcaller mumbles some strange prayers to Qazlal against you.
Qazlal smites you!
* * * LOW HITPOINT WARNING * * *
You block the hell hound's attack. The hell hound bites you.
* * * LOW HITPOINT WARNING * * *
The hell hound bites you but does no damage.
The white draconian stormcaller mumbles some strange prayers to Qazlal.
You block the hell hound's attack. The hell hound breathes flames at you.
The blast of flame hits you but does no damage.
The hell hound bites you but does no damage.
You block the hell hound's attack.
You hear a bark!
You hear a roar!
You feel much better.
You hear a chilling moan.
You hear a roar!
The hell hound bites you but does no damage.
The reaper hits you from afar with a +1 antimagic scythe!!
You feel threatened and lose the ability to drink potions!
* * * LOW HITPOINT WARNING * * *
You feel your power leaking away.
A hell hound comes into view.
The hell hound barely misses you.
The white draconian stormcaller utters an invocation to Qazlal.
You cannot drink potions in your current state!
Blink to where?
Press: ? - help, Dir - move target, p - reaper
Okay, then.
Unknown command.
Unknown command.
A large abomination comes into view.
A smoke demon comes into view.
You block the large abomination's attack.
The hell hound bites you but does no damage.
The smoke demon gestures at you. Something smites you!
You die...

.. ....# #...
.... #.#.# ..##
#....###.l.
....§#l..#### N
....§X..qhh.h..
#.k..#
###2k.l##
#@#.....#
#X#h#.....#
##.#h#.#.#.#
##.##.....#.#
.. 3.#.###.# ##
.###.. #. .# #.


You could see a large abomination, a smoke demon and 2 hell hounds.

Vanquished Creatures
  Mara (Swamp:4)
  A tentacled monstrosity (Swamp:2)
  Jorgrun (Snake:2)
  A lich (Abyss:5)
  An Executioner (Abyss:5)
  Agnes (Snake:3)
  3 tentacled starspawn
  2 thorn hunters
  7 nagarajas
  A revenant (Abyss:4)
  A fenstrider witch (Swamp:2)
  A ghost moth (Abyss:5)
  Aizul (Snake:3)
  3 cacodemons (Abyss:5)
  2 orc warlords (Orc:1)
  4 eleionomae
  A demonspawn black sun (D:14)
  A lorocyproca (Abyss:5)
  A dire elephant (Lair:5)
  A blizzard demon (Abyss:6)
  2 fire dragons (D:15)
  Josephine (D:15)
  2 shambling mangroves (Swamp:4)
  2 entropy weavers
  3 ghost crabs
  An ice dragon (D:15)
  A rakshasa (D:9)
  19 hydras
  Erolcha (D:12)
  A salamander tyrant (Snake:3)
  10 anacondas
  2 ogre magi (D:15)
  8 alligators
  A boulder beetle (D:15)
  14 two-headed ogres
  2 catoblepae
  5 centaur warriors
  9 naga warriors
  11 naga sharpshooters
  7 death yaks
  5 thrashing horrors (Abyss:5)
  9 shock serpents
  Urug (D:11)
  3 sun demons (D:14)
  A skyshark (Lair:2)
  Sonja (D:12)
  A wretched star (Abyss:5)
  5 orc high priests
  4 goliath frogs
  A skeletal warrior (D:9)
  A spectral death yak (Lair:5)
  Amaemon (Lair:2)
  3 salamander mystics (Snake:4)
  A death drake (Swamp:3)
  A sixfirhy (D:14)
  A spectral anaconda (Lair:5)
  3 spriggan druids
  6 sea snakes
  3 glowing orange brains (Abyss:5)
  10 swamp dragons
  7 bog bodies
  A wizard (D:9)
  6 naga ritualists
  5 orc knights
  3 necromancers (Lair:5)
  5 deep elf pyromancers
  16 salamanders
  6 mana vipers
  2 ugly things (D:13)
  An orc sorcerer (Orc:1)
  2 shining eyes
  2 will-o-the-wisps
  7 manticores
  6 cyclopes
  A guardian serpent (shapeshifter) (Abyss:4)
  A smoke demon (D:14)
  34 black mambas
  21 elephants
  8 guardian serpents
  14 naga magi
  A rust devil (D:14)
  A torpor snail (Lair:4)
  An orange demon (Lair:2)
  A dire elephant skeleton (Lair:5)
  13 cane toads
  2 kobold demonologists (D:12)
  Maggie (Lair:1)
  3 rime drakes
  An efreet (D:9)
  A yaktaur (shapeshifter) (D:11)
  2 tengu conjurers (D:15)
  8 komodo dragons
  5 yaktaurs (D:13)
  11 trolls
  An ice devil (D:14)
  11 tyrant leeches
  An ancient zyme (Abyss:5)
  2 hellwings (D:14)
  A red devil (D:14)
  5 hornets
  32 blink frogs
  A spectral elephant (Lair:5)
  7 dream sheep
  Sigmund (D:6)
  8 slime creatures
  3 flying skulls (Abyss:5)
  28 large abominations
  A wyvern (D:9)
  A vampire (Abyss:5)
  4 spriggans
  2 ynoxinuls
  8 wraiths
  9 basilisks
  Eustachio (D:5)
  18 small abominations
  A human (shapeshifter) (D:15)
  A death yak simulacrum (Lair:5)
  A steam dragon (D:7)
  20 yaks
  Menkaure (D:7)
  2 chaos spawn
  9 vampire mosquitoes
  2 golden eyes (Abyss:5)
  3 neqoxecs
  14 swamp worms
  A warg (Orc:2)
  47 nagas
  An acid dragon (D:13)
  15 water moccasins
  2 floating eyes (Abyss:5)
  47 orc warriors
  12 swamp drakes (Swamp:4)
  An ice beast (shapeshifter) (D:15)
  2 ice beasts
  A black bear (shapeshifter) (D:9)
  4 sky beasts
  2 black bears
  4 boggarts (D:15)
  10 ogres
  4 wolves (Lair:3)
  23 centaurs
  3 starcursed masses
  A phantom (D:5)
  4 kobold brigands
  5 bullfrogs
  2 gnoll sergeants
  An earth elemental (Abyss:5)
  2 necrophages (D:5)
  3 scorpions
  15 wights
  3 elephant simulacra (Lair:5)
  13 killer bees
  6 electric eels
  5 howler monkeys
  A lava snake (Lair:4)
  3 hounds
  19 orc priests
  4 jellies
  8 iguanas
  24 orc wizards
  11 adders
  13 gnolls
  4 river rats (Sewer)
  3 shadow imps
  2 white imps
  7 worms
  2 dart slugs (D:2)
  101 orcs
  11 ball pythons
  12 endoplasms
  2 giant cockroaches
  3 goblins
  6 hobgoblins
  6 jackals
  25 kobolds
  3 quokkas
  2 bats
  9 frilled lizards
  26 rats
1142 creatures vanquished.

Vanquished Creatures (others)
  A bunyip (Swamp:3)
  An alligator (Swamp:4)
  A black mamba (Snake:1)
  2 bloated husks
  A redback (Abyss:4)
  A swamp drake (Swamp:4)
  A boggart (D:13)
  A centaur (D:14)
  An orc wizard (D:4)
  An endoplasm (D:4)
  2 briar patches (Swamp:3)
  2 demonic plants (D:14)
  11 foxfires
  56 fungi
  57 plants
  6 starspawn tentacles
  21 withered plants (Lair:5)
166 creatures vanquished.

Grand Total: 1308 creatures vanquished

Notes
Turn   | Place    | Note
-------+----------+-------------------------------------------
     0 | D:1      | Zenkrye the Human Cinder Acolyte began the quest for the
                  | Orb.
     0 | D:1      | Reached XP level 1. HP: 18/18 MP: 2/2
   110 | D:1      | Reached XP level 2. HP: 24/24 MP: 3/3
   113 | D:1      | Learned a level 2 spell: Scorch
   472 | D:1      | Found a faded altar of an unknown god.
   595 | D:1      | Found a sparkling altar of Nemelex Xobeh.
   711 | D:2      | Reached XP level 3. HP: 23/29 MP: 4/4
  1459 | D:2      | Reached XP level 4. HP: 33/35 MP: 2/5
  1852 | D:3      | Found a broken altar of Ashenzari.
  1904 | D:3      | Reached skill level 5 in Polearms
  2321 | D:3      | Reached XP level 5. HP: 26/41 MP: 2/6
  3152 | D:4      | Reached XP level 6. HP: 45/47 MP: 2/7
  3262 | D:4      | Identified the +2 helmet "Sixel" {-Cast rN+++ Str-4 Stlth+}
  3480 | D:5      | Entered Level 5 of the Dungeon
  3561 | D:5      | Found a glowing drain.
  3603 | Sewer    | Entered a sewer
  4517 | D:5      | Reached XP level 7. HP: 48/52 MP: 5/8
  4664 | D:5      | Noticed a vampire mosquito
  4868 | D:5      | Noticed a vampire mosquito
  4884 | D:5      | Reached XP level 8. HP: 43/58 MP: 2/9
  5091 | D:5      | Noticed Eustachio
  5117 | D:5      | HP: 2/58 [poisoned by Eustachio]
  5135 | D:5      | Killed Eustachio
  5432 | D:5      | Reached skill level 10 in Polearms
  5485 | D:5      | Reached skill level 5 in Fire Magic
  5485 | D:5      | Reached XP level 9. HP: 57/63 MP: 2/10
  6379 | D:6      | Identified the ring "Rihauj" {rElec rF+ rN+ Int+3 SInv}
  6400 | D:6      | Noticed Sigmund
  6420 | D:6      | Killed Sigmund
  6421 | D:6      | Reached skill level 1 in Armour
  6827 | D:5      | Reached XP level 10. HP: 71/71 MP: 7/11
  6868 | D:6      | Reached skill level 4 in Fighting
  7534 | D:6      | Identified the +0 leather armour "Cydat" {Regen+ rCorr}
  7673 | D:7      | Found a staircase to the Ecumenical Temple.
  7939 | D:7      | Reached skill level 5 in Fighting
  8072 | D:7      | Noticed Menkaure
  8076 | D:7      | Killed Menkaure
  8645 | D:7      | Identified a scroll of acquirement
  8645 | D:7      | Acquired the +18 Lear's hauberk
  8645 | D:7      | Found the +18 Lear's hauberk
  8696 | D:7      | Reached skill level 8 in Fighting
  8696 | D:7      | Reached XP level 11. HP: 87/87 MP: 12/12
  8810 | D:8      | Noticed a two-headed ogre
  8820 | D:8      | Killed a two-headed ogre
  8821 | D:8      | Reached skill level 9 in Fighting
  8941 | D:8      | Noticed a two-headed ogre
  9465 | D:8      | Killed a two-headed ogre
  9466 | D:8      | Reached XP level 12. HP: 55/95 MP: 9/13
  9549 | D:8      | Reached skill level 1 in Evocations
 10107 | D:9      | Found a staircase to the Orcish Mines.
 10481 | D:9      | Found Jyfuusea's Weapon Boutique.
 10781 | D:9      | Noticed a rakshasa
 11977 | D:9      | Reached skill level 10 in Fighting
 11980 | D:9      | Noticed a skeletal warrior
 11994 | D:10     | Entered Level 10 of the Dungeon
 12067 | D:10     | Found Hemymont's Weapon Boutique.
 12349 | D:10     | Paralysed by a hornet for 2 turns
 12536 | D:10     | Noticed a two-headed ogre
 12555 | D:10     | Killed a two-headed ogre
 12646 | D:10     | Found a flagged portal.
 12670 | Bailey   | Entered a bailey
 13222 | Bailey   | Reached skill level 10 in Armour
 13373 | Bailey   | Reached skill level 5 in Evocations
 13704 | D:10     | Acquired the +3 crystal plate armour "Urosm" {Harm rPois
                  | rCorr}
 13799 | D:10     | Reached XP level 13. HP: 60/105 MP: 2/14
 14097 | D:11     | Noticed Urug
 14398 | D:11     | Found a staircase to the Lair.
 14415 | D:11     | Reached skill level 11 in Fighting
 14741 | D:11     | Identified the +0 ring mail of Focus {Will+ Str+4 Int+2}
 14914 | D:11     | Killed Urug
 15002 | Lair:1   | Entered Level 1 of the Lair of Beasts
 15007 | Lair:1   | Noticed Maggie
 15032 | Lair:1   | Killed Maggie
 15210 | Lair:1   | Reached skill level 12 in Fighting
 16209 | Lair:2   | Noticed Amaemon
 16599 | Lair:2   | Noticed a catoblepas
 16643 | Lair:2   | Killed a catoblepas
 16891 | Lair:2   | Noticed an eight-headed hydra
 16897 | Lair:2   | Killed an eight-headed hydra
 16947 | Lair:3   | Found a staircase to the Snake Pit.
 17333 | Lair:3   | Reached skill level 13 in Fighting
 18419 | Lair:3   | Reached XP level 14. HP: 117/118 MP: 15/15
 18728 | Lair:4   | Found a staircase to the Slime Pits.
 18728 | Lair:4   | Found a viscous altar of Jiyva.
 19639 | Lair:4   | Reached skill level 14 in Fighting
 19771 | Lair:5   | Entered Level 5 of the Lair of Beasts
 20003 | Lair:5   | Found the +5 glaive of the Guard {elec, spectral, AC+5}
 20454 | Lair:5   | Acquired 577 gold pieces
 20916 | Lair:5   | Reached skill level 15 in Fighting
 21014 | Lair:5   | Reached XP level 15. HP: 124/129 MP: 16/16
 21217 | Lair:5   | Reached skill level 15 in Armour
 22971 | Orc:1    | Entered Level 1 of the Orcish Mines
 23231 | Orc:1    | Found Kaxae's Jewellery Emporium.
 23470 | Orc:1    | Reached skill level 16 in Fighting
 23705 | Orc:1    | Found Kangom's Specific Store.
 23707 | Orc:1    | Found Ragiank's General Store.
 23914 | Orc:2    | Entered Level 2 of the Orcish Mines
 23914 | Orc:2    | Found Xuclysie's Antique Armour Emporium.
 24226 | Orc:2    | Noticed an orc warlord
 24226 | Orc:2    | Found a staircase to the Elven Halls.
 24374 | Orc:1    | Killed an orc warlord
 24637 | Orc:2    | Noticed an orc warlord
 25161 | Orc:1    | Killed an orc warlord
 25499 | Orc:2    | Found Myodikh's Book Boutique.
 25680 | Orc:2    | Found Aleh Ucloree's General Store.
 25936 | Orc:2    | Found Alaokiak's Antique Weapon Shop.
 26213 | Orc:2    | Found Qyf Homuv's Antique Armour Shop.
 26459 | Orc:2    | Bought a runed buckler for 210 gold pieces
 26511 | Orc:1    | Bought the ring "Ukaluom" {rC+ Str+6} for 750 gold pieces
 26511 | Orc:1    | Bought an amulet of reflection for 450 gold pieces
 26511 | Orc:1    | Bought a +4 ring of slaying for 1170 gold pieces
 26747 | D:12     | Reached skill level 1 in Shields
 26787 | D:12     | Noticed Sonja
 26793 | D:12     | Killed Sonja
 27251 | D:12     | Reached XP level 16. HP: 139/139 MP: 17/17
 27274 | D:12     | Found a runed translucent gate.
 27274 | D:12     | Found a runed translucent gate.
 27274 | D:12     | Found a runed translucent gate.
 27274 | D:12     | Noticed an acid blob
 27274 | D:12     | Noticed a rockslime
 27274 | D:12     | Noticed an azure jelly
 27275 | D:12     | Noticed an azure jelly
 27275 | D:12     | Noticed browni3141's ghost (journeyman HuEn)
 27275 | D:12     | Noticed an azure jelly
 27275 | D:12     | Noticed an azure jelly
 27275 | D:12     | Noticed an acid blob
 27341 | D:12     | Noticed Erolcha
 27351 | D:12     | Killed Erolcha
 27382 | D:12     | Noticed Rupert
 27849 | D:13     | Found a gate to the Vaults.
 28197 | D:14     | Reached skill level 10 in Evocations
 28331 | D:14     | Reached skill level 5 in Shields
 28500 | D:14     | Reached skill level 17 in Fighting
 29447 | D:15     | Entered Level 15 of the Dungeon
 29628 | D:15     | Noticed Josephine
 29647 | D:15     | Killed Josephine
 30345 | D:15     | Found a staircase to the Depths.
 30381 | D:15     | Reached skill level 18 in Fighting
 30720 | Lair:2   | Found a staircase to the Swamp.
 30823 | Lair:2   | Killed Amaemon
 30894 | Swamp:1  | Entered Level 1 of the Swamp
 30991 | Swamp:1  | Reached XP level 17. HP: 127/149 MP: 18/18
 31818 | Swamp:2  | Noticed a tentacled monstrosity
 32107 | Swamp:2  | Paralysed by a fenstrider witch for 2 turns
 32129 | Swamp:2  | Killed a tentacled monstrosity
 32970 | Swamp:3  | Reached skill level 19 in Fighting
 33068 | Swamp:3  | Noticed a thorn hunter
 33090 | Swamp:3  | Killed a thorn hunter
 33265 | Swamp:4  | Entered Level 4 of the Swamp
 33265 | Swamp:4  | Noticed Mara
 33838 | Snake:1  | Entered Level 1 of the Snake Pit
 34304 | Snake:1  | Reached skill level 20 in Fighting
 34338 | Snake:1  | Identified the +8 rapier "Newtslayer" {heavy, rN+ Will+
                  | rCorr Str+2}
 35214 | Snake:2  | Reached XP level 18. HP: 103/164 MP: 19/19
 35319 | Snake:2  | Noticed Jorgrun
 35736 | Snake:2  | Identified the ring "Samenet" {AC+4 Str+3}
 35767 | Snake:2  | Killed Jorgrun
 36408 | Snake:3  | Noticed Agnes
 36417 | Snake:3  | Killed Agnes
 36418 | Snake:3  | Reached skill level 21 in Fighting
 37061 | Snake:3  | Found Poorabog's Jewellery Boutique.
 37061 | Snake:3  | Found Keoh's Book Emporium.
 37062 | Snake:3  | Found Soveater's Book Emporium.
 37072 | Snake:3  | Bought a book of Lightning for 684 gold pieces
 37076 | Snake:3  | Learned a level 3 spell: Vhi's Electric Charge
 37373 | Orc:2    | Bought a potion of haste for 120 gold pieces
 37373 | Orc:2    | Bought a scroll of blinking for 90 gold pieces
 37411 | Orc:1    | Bought a potion of curing for 36 gold pieces
 37411 | Orc:1    | Bought a potion of curing for 36 gold pieces
 37411 | Orc:1    | Bought a potion of resistance for 120 gold pieces
 37411 | Orc:1    | Bought a potion of haste for 120 gold pieces
 37411 | Orc:1    | Upgraded the game from 0.30-a0-824-g6c64550be9 to
                  | 0.30-a0-830-gfe289a77b0
 37680 | Snake:4  | Entered Level 4 of the Snake Pit
 37683 | Snake:4  | Noticed Aizul
 37698 | Snake:3  | Killed Aizul
 37909 | Snake:4  | Reached skill level 1 in Translocations
 37909 | Snake:4  | Reached skill level 1 in Air Magic
 38171 | Snake:4  | Found a runed translucent gate.
 38172 | Snake:4  | Found a runed translucent gate.
 38172 | Snake:4  | Noticed Dittersdorf's ghost (adept GrFi)
 38173 | Snake:4  | Found a runed translucent gate.
 39023 | Snake:4  | Reached XP level 19. HP: 121/172 MP: 8/23
 39641 | Snake:4  | Reached skill level 10 in Shields
 39688 | Snake:4  | Got a serpentine rune of Zot
 40542 | Swamp:4  | Noticed Zenkrye's illusion
 40548 | Swamp:4  | Noticed Zenkrye's illusion
 40554 | Swamp:4  | Killed Mara
 40646 | Swamp:4  | Got a decaying rune of Zot
 40920 | Swamp:4  | Reached skill level 5 in Air Magic
 40988 | Swamp:4  | Reached skill level 5 in Translocations
 41705 | Depths:1 | Entered Level 1 of the Depths
 41705 | Depths:1 | Noticed a tentacled monstrosity
 41708 | Abyss:2  | Found a corrupted altar of Lugonu.
 41708 | Abyss:2  | Cast into level 2 of the Abyss (a wizard)
 42180 | Abyss:5  | Gained mutation: You are weak. (Str -2) [a cacodemon]
 42207 | Abyss:5  | Noticed a lich
 42215 | Abyss:5  | Killed a lich
 42228 | Abyss:5  | Reached XP level 20. HP: 103/182 MP: 24/24
 42403 | Abyss:5  | Gained mutation: You are vulnerable to heat. (rF-) [a
                  | neqoxec]
 42465 | Abyss:5  | Gained mutation: You occasionally lose the ability to drink
                  | potions when taking damage. [a shining eye]
 42552 | Abyss:6  | HP: 5/145 [reaper/+1 antimagic scythe (33)]
 42553 | Abyss:6  | Killed from afar by a smoke demon

Illustrated notes

Levels and vault maps discovered:
D:1:      dpeg_arrival_water_altar, layout_rooms,
          shapermc_ecumenical_altar_hornbeckon
D:2:      layout_loops_corners, minmay_lizard_pond
D:3:      layout_rooms, evilmike_ruin_ashenzari, minmay_misc_feat_four_crosses
D:4:      layout_loops_ring, lemuel_flame_loot_1
D:5:      cheibrodos_fzero, layout_basic, cheibrodos_sewer_entry_bend,
          dk_noncrumbling_4, uniq_eustachio
D:6:      layout_rooms, uniq_sigmund
D:7:      layout_loops_ring, minmay_temple_entry_proselytizer, uniq_menkaure
D:8:      layout_gridville, kennysheep_nondescript, due_unseen_surprise
D:9:      layout_small_grid, orc_david_3, special_room [special_room_orc],
          minmay_evil_grid
D:10:     layout_irregular_city, serial_shops, shop, enter_bailey_6,
          nicolae_wwwww, minmay_misc_feat_plants, minmay_misc_feat_chi
D:11:     layout_basic, lair_entry_dummy, uniq_urug
D:12:     layout_basic, gammafunk_ghost_ooze, uniq_sonja, uniq_erolcha,
          uniq_rupert
D:13:     layout_cave_pools, hangedman_vaults_entry_quadrant_bands,
          dreamdust_wishing_well
D:14:     dreamdust_black_sun_cult, layout_basic, serial_demonic,
          serial_demonic_e, serial_demonic_e, serial_demonic_f,
          serial_demonic_b, serial_demonic_c, serial_demonic_c
D:15:     grunt_enter_depths_hoard, layout_basic, uniq_josephine
Lair:1:   layout_hall_layers, uniq_maggie
Lair:2:   layout_roguey, palyth_hydra_swamp_entry, uniq_amaemon
Lair:3:   layout_roguey, guppyfry_snake_entry_island, serial_bayou_shore_b
Lair:4:   layout_gridlike, nicolae_slime_entry_slimehenge, minivault_19,
          grunt_forest_small_clearings, chequers_serial_rivers_micro_e,
          chequers_serial_rivers_small_3, serial_bayou_pond_a
Lair:5:   due_jungle_book, layout_small_grid, grunt_megastairs_2
Swamp:1:  layout_basic_swamp, evilmike_swamp_ruin_house_6,
          infiniplex_staircase_pool
Swamp:2:  layout_basic_swamp, evilmike_swamp_ruin_house_4,
          infiniplex_staircase_pool_2
Swamp:3:  layout_basic_swamp, evilmike_swamp_ruin_house_3
Swamp:4:  swamp_alternative, layout_basic_swamp, swamp_pool3,
          nicolae_swamp_dragon_and_kin, uniq_mara
Snake:1:  layout_chambers, nicolae_snake_snake_lake, nicolae_snake_single_loop
Snake:2:  layout_misc_corridors, uniq_jorgrun
Snake:3:  layout_misc_corridors, minmay_shop_grove, serial_bayou_shore_a,
          grunt_megastairs_5, uniq_agnes
Snake:4:  grunt_snake_rune_pools, layout_basic, gammafunk_ghost_split,
          uniq_aizul
Orc:1:    layout_caves, minmay_shop_enchanted_jewellery, nicolae_specific_store
Orc:2:    grunt_orc_gardens, layout_caves, grunt_orc_garden, grunt_orc_garden,
          grunt_orc_garden, grunt_orc_garden, serial_shops, nicolae_shop_stone,
          hellmonk_bongcloud_opening
Depths:1: layout_gridlike, enter_ziggurat_f, pf_vacation_house_of_asmodeus,
          nicolae_ru_path_of_blood, abyss_entry, serial_rivers,
          chequers_serial_rivers_marsh, chequers_serial_rivers_room_a,
          chequers_serial_rivers_micro_e, chequers_serial_rivers_micro_e,
          chequers_serial_rivers_small_b, serial_bayou_pond_e, evilmike_ambush
          [evilmike_ambush_outer_basic, evilmike_ambush_inner_wall_2]
Abyss:6:  base: Lair:1, base: Lair:5, nicolae_abyss_rune_left_handed,
          patterned_corridor, hangedman_shadowy_showcase,
          evilmike_abyss_rune_tso_outpost, evilmike_abyss_exit_2,
          due_evilmike_abyss_rune_seething_liches

Skill      XL: |  1  2  3  4  5  6  7  8  9 10 11 12 13 14 15 16 17 18 19 20 |
---------------+-------------------------------------------------------------+-----
Polearms       | 4 5 6 7 8 10 12 13 14 | 14.0
Fire Magic     | 5 |  5.0
Armour         | 2 8 10 13 14 16 | 16.1
Fighting       | 8 9 10 13 15 16 18 20 21 | 21.9
Evocations     | 5 7 9 11 12 | 12.0
Shields        | 2 6 9 11 12 | 12.4
Translocations | 2 5 6 |  6.6
Air Magic      | 2 5 6 |  6.6
Spellcasting   | 3 |  3.0

Action                     |  1- 3 |  4- 6 |  7- 9 | 10-12 | 13-15 | 16-18 | 19-21 || total
---------------------------+-------+-------+-------+-------+-------+-------+-------++-------
  Melee: Spear             |   129 |   359 |    56 |       |       |       |       ||   544
         Punch             |       |     1 |     1 |     9 |    28 |       |       ||    39
         Trident           |       |       |   266 |   949 |  1994 |   161 |       ||  3370
         Demon trident     |       |       |       |       |       |  1153 |   747 ||  1900
  Throw: Dart              |       |     4 |    26 |    29 |     5 |       |       ||    64
         Boomerang         |       |       |       |       |    46 |    60 |    28 ||   134
   Cast: Scorch            |     5 |    34 |    44 |   102 |     2 |       |       ||   187
  Evoke: Wand              |       |       |     6 |     1 |    22 |    11 |     2 ||    42
         Piece from Xom's  |       |       |       |       |     6 |       |       ||     6
         Condenser vane    |       |       |       |       |       |     1 |     2 ||     3
         Phantom mirror    |       |       |       |       |       |       |     1 ||     1
    Use: Scroll            |     3 |    11 |     2 |     9 |    13 |    11 |     6 ||    55
         Potion            |       |       |     6 |     2 |     6 |     2 |    15 ||    31
   Stab: Paralysed         |       |       |    11 |       |     5 |       |       ||    16
         Invisible         |       |       |       |       |       |       |     4 ||     4
         Distracted        |       |       |       |       |       |       |     1 ||     1
 Armour: Robe              |     2 |       |       |       |       |       |       ||     2
         Leather armour    |    21 |   136 |    26 |       |       |       |       ||   183
         Ring mail         |     2 |       |   132 |    62 |       |       |       ||   196
         Chain mail        |       |       |       |   523 |     3 |       |       ||   526
         Crystal plate arm |       |       |       |       |   984 |   734 |   358 ||  2076
  Dodge: Dodged            |    53 |   156 |   148 |   334 |   422 |   168 |    67 ||  1348
  Block: Buckler           |       |       |       |       |     6 |   249 |       ||   255
         Reflection        |       |       |       |       |     1 |    26 |     3 ||    30
         Kite shield       |       |       |       |       |       |   188 |   296 ||   484

Table legend: (Time is in decaauts)
 A = Elapsed time spent in this place.
 B = Non-inter-level travel time spent in this place.
 C = Inter-level travel time spent in this place.
 D = Time resting spent in this place.
 E = Time spent auto-exploring this place.
 F = Levels seen in this place.
 G = Mean time per level.
                   A        B        C        D        E       F      G
               +--------+--------+--------+--------+--------+-----+--------+
         Total |  41063 |  37979 |   3084 |   7873 |  21135 |  38 | 1080.6 |
       Dungeon |  17742 |  16594 |   1148 |   3594 |   9654 |  15 | 1182.8 |
          Lair |   8029 |   7094 |    935 |   1295 |   4188 |   5 | 1605.8 |
         Swamp |   4202 |   3851 |    351 |    618 |   2347 |   4 | 1050.5 |
     Snake Pit |   5755 |   5453 |    302 |   1248 |   2901 |   4 | 1438.8 |
  Orcish Mines |   2808 |   2462 |    346 |    903 |   1015 |   2 | 1404.0 |
        Depths |      2 |      2 |      0 |      0 |      0 |   1 |    2.0 |
         Abyss |    712 |    712 |      0 |    154 |      0 |   5 |  142.4 |
         Sewer |    852 |    852 |      0 |     37 |    516 |   1 |  852.0 |
        Bailey |    956 |    956 |      0 |     22 |    513 |   1 |  956.0 |
               +--------+--------+--------+--------+--------+-----+--------+

Top non-repeatable levels by time:
     D:9: 2649 daAuts
  Lair:5: 2535 daAuts
     D:5: 2153 daAuts
 Snake:4: 2045 daAuts
  Lair:2: 1675 daAuts
   Orc:1: 1550 daAuts
 Snake:1: 1543 daAuts
  Lair:3: 1385 daAuts
     D:8: 1371 daAuts
 Swamp:4: 1320 daAuts
  Lair:4: 1316 daAuts
   Orc:2: 1257 daAuts
    D:10: 1189 daAuts
 Snake:3: 1186 daAuts
     D:2: 1159 daAuts
